 Dungeon Crawl Stone Soup version 0.30-a0-939-gc8157cb160 (webtiles) character file.

Game seed: 11875429287185905529

399 Lobster4 the Magician (level 7, -1/49 HPs)
             Began as a Djinni Fire Elementalist on Mar 25, 2023.
             Slain by a scorpion (4 damage)
             ... in an ossuary.
             The game lasted 00:10:57 (2632 turns).

Lobster4 the Magician (Djinni Fire Elementalist)    Turns: 2632, Time: 00:10:58

Health: -1/49      AC:  4    Str: 11    XL:     7   Next: 10%
Gold:   204        EV: 13    Int: 18    God:
                   SH:  0    Dex: 17

rFire   + + +      SeeInvis .    t - +3 hand axe "Daus" {drain, *Noise rF++ Str+4 Dex+3}
rCold   x . .      Faith    .    (no shield)
rNeg    . . .      Spirit   .    h - +2 robe {Archmagi}
rPois   ∞          Reflect  .    (no helmet)
rElec   .          Rampage  .    (no cloak)
rCorr   .          Archmagi +    (no gloves)
Will    .....                    (boots unavailable)
Stlth   ++                       (no amulet)
HPRegen 0.28/turn                (no ring)
MPRegen 0.00/turn                (no ring)

@: flying, very slightly contaminated
A: sickness immunity, fire resistance 2, cold vulnerability 1, float, innate
caster, HP casting, extra vitality 1
a: no special abilities


You were in an ossuary.
You visited 1 branch of the dungeon, and saw 4 of its levels.
You also visited: Ossuary.

You collected 204 gold pieces.

Inventory:

Hand Weapons
 f - a +0 short sword
 t - the +3 hand axe "Daus" (weapon) {drain, *Noise rF++ Str+4 Dex+3}
   (You found it on level 2 of the Dungeon)

   Str:       It affects your strength (+4).
   Dex:       It affects your dexterity (+3).
   rF:        It greatly protects you from fire.
   *Noise:    It may make noises in combat.
 v - a +0 sling
Missiles
 l - 9 poisoned darts
Armour
 h - a +2 robe of the Archmagi (worn)
Jewellery
 s - an amulet of reflection
Wands
 n - a wand of quicksilver (6)
Scrolls
 b - 4 scrolls of teleportation
 g - 2 scrolls of fog {unknown}
 j - 2 scrolls of identify {unknown}
 q - a scroll of blinking {unknown}
 w - a scroll of magic mapping {unknown}
 x - a scroll of noise {unknown}
 y - a scroll of poison {unknown}
Potions
 a - a potion of berserk rage {unknown}
 c - 2 potions of lignification {unknown}
 d - 3 potions of curing {unknown}
 e - 3 potions of attraction {unknown}
 i - a potion of might {unknown}
 k - a potion of cancellation {unknown}
 m - a potion of flight {unknown}
 o - 2 potions of degeneration {unknown}
 p - a potion of mutation {unknown}
 r - a potion of heal wounds {unknown}
 u - 3 potions of haste {unknown}


   Skills:
 + Level 2.2 Fighting
 + Level 1.7 Short Blades
 + Level 1.0 Axes
 + Level 2.2 Armour
 + Level 3.4 Dodging
 - Level 2.0 Stealth
 * Level 3.6 Spellcasting
 + Level 1.4 Evocations


You knew the following spells:

 Your Spells              Type           Power      Damage    Failure   Level
a - Foxfire               Conj/Fire      96%        2x1d8     3%          1
b - Scorch                Fire           48%        2d7       5%          2
c - Slow                  Hex            96%        N/A       3%          1
d - Static Discharge      Conj/Air       48%        2-4/arc   5%          2
e - Flame Wave            Conj/Fire      24%        2d8       34%         4
f - Inner Flame           Hex/Fire       24%        N/A       11%         3
g - Portal Projectile     Hex/Tloc       48%        N/A       11%         3
k - Kindle Blastsparks    Fire/Tloc/Air  48%        2d14      11%         3
Your spell library was empty.

Dungeon Overview and Level Annotations

Branches:
Dungeon (4/15)            Ossuary (1/1)
 Temple: D:4-7

Altars:

Shops:
D:3 [

Annotations:
D:2 Robin


Innate Abilities, Weirdness & Mutations

You are immune to sickness and miasma.
You are immune to poison.
Your flesh is very heat resistant. (rF++)
You are vulnerable to cold. (rC-)
You float through the air rather than walking.
You learn spells naturally, not from books.
Your magical power is your life essence.
You have superior vitality. (+4 MHP)


Message History

You feel a surge of power!
Flames lash the scorpion zombie.
The scorpion zombie is burned terribly!
The scorpion zombie is heavily damaged.
The scorpion stings you. The scorpion zombie misses you.
The scorpion misses you.
Unknown command.
Casting: Scorch (safe; 5% risk of failure)
Confirm with . or Enter, or press ? or * to list all spells.
You feel a surge of power!
Flames lash the scorpion.
The scorpion is burned terribly!
The scorpion is almost dead.
The scorpion barely misses you.
The scorpion zombie hits you but does no damage.
Unknown command.
Casting: Scorch (safe; 5% risk of failure)
Confirm with . or Enter, or press ? or * to list all spells.
You feel a surge of power!
Flames lash the scorpion zombie.
The scorpion zombie is burned terribly!
The scorpion zombie is severely damaged.
The scorpion stings you!
* * * LOW HITPOINT WARNING * * *
The scorpion zombie hits you.
* * * LOW HITPOINT WARNING * * *
Unknown command.
Casting: Scorch (safe; 5% risk of failure)
Confirm with . or Enter, or press ? or * to list all spells.
You feel a surge of power!
Flames lash the scorpion zombie.
The scorpion zombie is burned terribly!
You destroy the scorpion zombie!
* * * LOW HITPOINT WARNING * * *
The scorpion stings you.
* * * LOW HITPOINT WARNING * * *
Unknown command.
Okay, then.
Casting: Scorch (safe; 5% risk of failure)
Confirm with . or Enter, or press ? or * to list all spells.
You feel a surge of power!
You miscast Scorch.
Nothing appears to happen.
* * * LOW HITPOINT WARNING * * *
The scorpion stings you.
You die...

######### ....#.....#
#...#...# ....#.....
#.∩.'.∩.# ....8.....
#...#...# .........
##+###'###### .........
#=!!#...#...#
#8.....8###?.!#...8...#
..........#M?.#.......#
......s@..######8...8##
....8.....#...#.......#
....#.....'...#...8...#
... #.....#...#...#...#
+ ########'#######'##
#...#...#...#
#...8...'...#
#.......#...#
##8...8######


You could see a scorpion (combustible).

Vanquished Creatures
  2 scorpions (Ossuary)
  A centaur zombie (Ossuary)
  Jessica (D:2)
  4 scorpion zombies (Ossuary)
  4 adders
  2 worms (D:2)
  6 bats
  5 endoplasms
  11 goblins
  13 hobgoblins
  10 jackals
  8 kobolds
  5 quokkas
  7 ball pythons
  2 frilled lizards (D:1)
  A hobgoblin zombie (Ossuary)
  A kobold zombie (Ossuary)
  An orc zombie (Ossuary)
  9 rats
93 creatures vanquished.

Vanquished Creatures (others)
  366 foxfires
  2 fungi (D:2)
  2 plants (D:2)
370 creatures vanquished.

Grand Total: 463 creatures vanquished

Notes
Turn   | Place    | Note
-------+----------+-------------------------------------------
     0 | D:1      | Lobster4 the Djinni Fire Elementalist began the quest for
                  | the Orb.
     0 | D:1      | Lobster4 set off with the following spells memorised:
                  | Foxfire, Scorch, Kindle Blastsparks, Inner Flame, Flame
                  | Wave.
     0 | D:1      | Reached XP level 1. HP: 15/15 MP: 0/0
   144 | D:1      | Reached XP level 2. HP: 18/22 MP: 0/0
   512 | D:1      | Reached XP level 3. HP: 23/26 MP: 0/0
   512 | D:1      | Learned a level 1 spell: Slow
   701 | D:1      | You are sucked into a shaft and drop 1 floor!
   902 | D:2      | Reached skill level 1 in Armour
   904 | D:2      | Reached skill level 1 in Fighting
   904 | D:2      | Reached XP level 4. HP: 29/32 MP: 0/0
  1339 | D:2      | Noticed Jessica
  1344 | D:2      | Killed Jessica
  1345 | D:2      | Reached skill level 1 in Short Blades
  1345 | D:2      | Reached XP level 5. HP: 18/37 MP: 0/0
  1345 | D:2      | Learned a level 2 spell: Static Discharge
  1526 | D:2      | Found a faded altar of an unknown god.
  1539 | D:2      | Identified the +3 hand axe "Daus" {drain, *Noise rF++ Str+4
                  | Dex+3}
  1709 | D:3      | Identified the +1 helmet "Hinleugg" {Rampage *Corrode rF+++
                  | Dex-4}
  1709 | D:3      | Noticed Robin
  2191 | D:3      | Found Bidweut's Antique Armour Boutique.
  2427 | D:4      | Found a sand-covered staircase.
  2433 | Ossuary  | Entered an ossuary
  2449 | Ossuary  | Reached XP level 6. HP: 38/43 MP: 0/0
  2453 | Ossuary  | Reached skill level 1 in Evocations
  2619 | Ossuary  | Reached skill level 1 in Axes
  2624 | Ossuary  | Reached XP level 7. HP: 37/49 MP: 0/0
  2624 | Ossuary  | Learned a level 3 spell: Portal Projectile
  2632 | Ossuary  | Slain by a scorpion

Illustrated notes

Levels and vault maps discovered:
D:1:      dpeg_arrival_arbitrary_c, layout_basic, minmay_misc_feat_columns
D:2:      layout_loops_ring, shapermc_ecumenical_altar_rom_forum,
          minmay_crystal_room, uniq_jessica
D:3:      layout_basic, serial_shops,
          nicolae_shop_temple_entry_statues_fountains, uniq_robin
D:4:      layout_cave_pools, okawaru_metal_pillars_3,
          nicolae_ossuary_entry_plus, uniq_menkaure
Ossuary:  ossuary_minmay_scorpions

Skill      XL: |  1  2  3  4  5  6 |
---------------+-------------------+-----
Stealth        | 2 |  2.0
Armour         | 1 2 |  2.2
Fighting       | 1 2 |  2.2
Spellcasting   | 3 |  3.6
Short Blades   | 1 |  1.7
Dodging        | 3 |  3.4
Evocations     | 1 |  1.4
Axes           | 1 |  1.0

Action                     |  1- 3 |  4- 6 |  7- 9 || total
---------------------------+-------+-------+-------++-------
  Melee: Unarmed           |     3 |       |       ||     3
         Punch             |     1 |       |       ||     1
         Short sword       |     1 |       |       ||     1
   Cast: Foxfire           |    98 |   135 |     1 ||   234
         Scorch            |       |    17 |     6 ||    23
    Use: Scroll            |     1 |     1 |       ||     2
 Armour: Robe              |     3 |     8 |     1 ||    12
  Dodge: Dodged            |    10 |    21 |     5 ||    36

Table legend: (Time is in decaauts)
 A = Elapsed time spent in this place.
 B = Non-inter-level travel time spent in this place.
 C = Inter-level travel time spent in this place.
 D = Time resting spent in this place.
 E = Time spent auto-exploring this place.
 F = Levels seen in this place.
 G = Mean time per level.
                   A        B        C        D        E       F      G
               +--------+--------+--------+--------+--------+-----+--------+
         Total |   2630 |   2602 |     28 |    185 |   1753 |   5 |  526.0 |
       Dungeon |   2431 |   2403 |     28 |     74 |   1730 |   4 |  607.8 |
       Ossuary |    198 |    198 |      0 |    111 |     23 |   1 |  198.0 |
               +--------+--------+--------+--------+--------+-----+--------+

Top non-repeatable levels by time:
     D:2: 991 daAuts
     D:1: 750 daAuts
     D:3: 660 daAuts
 Ossuary: 198 daAuts
     D:4: 28 daAuts
